 Dungeon Crawl Stone Soup version 0.26-a0-689-gc93c913f66 (webtiles) character file.

Game seed: 10043243534432416924

193 Chiseanne the Covert (level 5, 0/27 HPs)
             Began as a Spriggan Delver on Oct 23, 2020.
             Killed from afar by a white imp (9 damage)
             ... with a puff of frost
             ... on level 5 of the Dungeon.
             The game lasted 00:01:55 (405 turns).

Chiseanne the Covert (Spriggan Delver)               Turns: 405, Time: 00:01:55

Health: 0/27       AC:  2    Str:  8    XL:     5   Next: 43%
Magic:  6/6        EV: 20    Int: 12    God:
Gold:   0          SH:  0    Dex: 18    Spells: 4/4 levels left

rFire    . . .     SeeInvis +   a - +0 short sword
rCold    . . .     Faith    .   (shield restricted)
rNeg     . . .     Spirit   .   b - +0 robe
rPois    .         Reflect  .   (helmet restricted)
rElec    .         Harm     .   (no cloak)
rCorr    .         Rampage  .   (gloves unavailable)
MR       .....                  (boots unavailable)
Stlth    ++++......             (no amulet)
HPRegen  0.09/turn              (no ring)
MPRegen  0.10/turn              (no ring)

@: very quick
A: very small, unfitting armour, see invisible, speed 3
a: no special abilities


You were on level 5 of the Dungeon.
You visited 1 branch of the dungeon, and saw 2 of its levels.

Inventory:

Hand Weapons
 a - a +0 short sword (weapon)
Missiles
 i - 25 arrows
Armour
 b - a +0 robe (worn)
Wands
 g - a wand of digging (3)
 o - a wand of disintegration (9)
Scrolls
 c - a scroll of fog
 d - a scroll of magic mapping
 e - a scroll of fear
 h - a scroll of remove curse {unknown}
 k - 2 scrolls of identify {unknown}
 m - a scroll of enchant weapon {unknown}
Potions
 f - a potion of haste
 j - a potion of magic {unknown}
 l - a potion of lignification {unknown}
 n - a potion of berserk rage {unknown}


   Skills:
 - Level 2.4 Fighting
 + Level 3.6 Short Blades
 + Level 4.8 Dodging
 * Level 9.4 Stealth


You had 4 spell levels left.
You didn't know any spells.
Your spell library was empty.

Dungeon Overview and Level Annotations

Branches:
Dungeon (6/15)
 Temple: D:4-7

Altars:

Annotations:
D:5 1 runed translucent door, Crazy Yiuf


Innate Abilities, Weirdness & Mutations

You are very small and have problems with some larger weapons.
You are too small for most types of armour.
You have supernaturally acute eyesight. (SInv)
You cover ground extremely quickly.


Message History

The white imp is moderately wounded.
The white imp barely misses you.
You hit the white imp.
The white imp is moderately wounded.
The white imp barely misses you.
You hit the white imp but do no damage.
The white imp is moderately wounded.
The white imp barely misses you.
You closely miss the white imp.
The white imp is moderately wounded.
The white imp completely misses you.
You hit the white imp but do no damage.
The white imp is moderately wounded.
The white imp gestures at you. The puff of frost misses you.
You hit the white imp but do no damage.
The white imp is moderately wounded.
The white imp gestures at you. The puff of frost hits you!
You die...

#. #.# #. #.# #.
#.# #. #.#
#.###.########♣♣
#.........>..#.♣♣
#<..######......♣♣♣
#...# ##.)....♣.
#.@.# ##.#..♣.♣
#.5.# ###♣♣♣♣♣
#...# ....# .....#
#####.# .. .#


You could see a white imp.

Vanquished Creatures
  An ice beast (D:6)
  An ogre (D:6)
  A hound skeleton (D:5)
  An adder skeleton (D:5)
  An orc (D:6)
  2 jackals (D:5)
  A quokka skeleton (D:5)
8 creatures vanquished.

Notes
Turn   | Place    | Note
-------+----------+-------------------------------------------
     0 | D:5      | Chiseanne the Spriggan Delver began the quest for the Orb.
     0 | D:5      | Reached XP level 1. HP: 11/11 MP: 2/2
    74 | D:5      | Reached XP level 2. HP: 16/16 MP: 3/3
   165 | D:6      | Noticed an ogre
   280 | D:6      | Noticed an ice beast
   343 | D:6      | Killed an ogre
   343 | D:6      | Reached skill level 8 in Stealth
   343 | D:6      | Reached XP level 3. HP: 19/19 MP: 4/4
   343 | D:6      | Reached XP level 4. HP: 23/23 MP: 5/5
   354 | D:6      | Killed an ice beast
   354 | D:6      | Reached skill level 9 in Stealth
   354 | D:6      | Reached XP level 5. HP: 27/27 MP: 6/6
   374 | D:5      | Found a runed translucent door.
   375 | D:5      | Noticed Crazy Yiuf
   405 | D:5      | Killed from afar by a white imp

Illustrated notes

Levels and vault maps discovered:
D:5:      layout_loops_ring, minmay_small_thing, uniq_crazy_yiuf_cottage
D:6:      layout_rooms, gup_sewer_entry_bowl, minmay_misc_feat_five

Skill      XL: |  1  2  3  4 |
---------------+-------------+-----
Short Blades   | 3 |  3.6
Dodging        | 4 |  4.8
Stealth        | 8 9 |  9.4
Fighting       | |  2.4

Action                   |  1- 3 |  4- 6 || total
-------------------------+-------+-------++-------
Melee: Short sword       |    31 |     9 ||    40
Evoke: Wand              |     3 |     6 ||     9
 Stab: Distracted        |     2 |       ||     2
Dodge: Dodged            |    28 |     6 ||    34

Table legend: (Time is in decaauts)
 A = Elapsed time spent in this place.
 B = Non-inter-level travel time spent in this place.
 C = Inter-level travel time spent in this place.
 D = Time resting spent in this place.
 E = Time spent auto-exploring this place.
 F = Levels seen in this place.
 G = Mean time per level.
                   A        B        C        D        E       F      G
               +--------+--------+--------+--------+--------+-----+--------+
         Total |    313 |    313 |      0 |    114 |      0 |   2 |  156.5 |
       Dungeon |    313 |    313 |      0 |    114 |      0 |   2 |  156.5 |
               +--------+--------+--------+--------+--------+-----+--------+

Top non-repeatable levels by time:
     D:6: 166 daAuts
     D:5: 146 daAuts
